 Dungeon Crawl Stone Soup version 0.20.1-1-g8b1a95d (webtiles) character file.

2428 Rocangus994 the Shield-Bearer (level 9, -2/74 HPs)
             Began as a Black Draconian Fighter on Nov 15, 2017.
             Was a Priest of Trog.
             Slain by an ogre
             ... wielding a +0 giant club
              (19 damage)
             ... on level 7 of the Dungeon on Dec 2, 2017.
             The game lasted 00:55:36 (7189 turns).

Rocangus994 the Shield-Bearer (DrFi)                Turns: 7189, Time: 00:55:36

Health: -2/74      AC:  8    Str: 22    XL:     9   Next: 24%
Magic:  9/9        EV: 12    Int:  9    God:    Trog [***...]
Gold:   431        SH: 12    Dex: 12    Spells: 8/8 levels left

rFire    . . .     SeeInvis +   a - +1 flail (venom)
rCold    . . .     Gourm    .   b - +1 shield
rNeg     . . .     Faith    .   (armour unavailable)
rPois    .         Spirit   .   (helmet restricted)
rElec    +         Reflect  .   l - +0 cloak
rCorr    .         Harm     .   (no gloves)
MR       .....                  (no boots)
Stlth    +++.......             (no amulet)
Regen    0.3/turn               t - ring of see invisible
MPRegen  0.2/turn               s - +2 ring of dexterity

@: lethally poisoned (-2 -> -10), short of breath, slowed, very slow
A: breathe lightning, unfitting armour, electricity resistance, cold-blooded, AC
+7
a: Breathe Lightning, Berserk, Trog's Hand, Burn Spellbooks, Renounce Religion


You were on level 7 of the Dungeon.
You worshipped Trog.
Trog was most pleased with you.
You were hungry.

You visited 2 branches of the dungeon, and saw 8 of its levels.
You also visited: Sewer.

You collected 431 gold pieces.

Inventory:

Hand Weapons
 a - a +1 flail of venom (weapon)
Armour
 b - a +1 shield (worn)
 l - a +0 cloak (worn)
Jewellery
 s - a +2 ring of dexterity (right hand)
 t - a ring of see invisible (left hand)
 v - an uncursed ring of protection from fire
 y - an uncursed ring of resist corrosion
Wands
 m - a wand of disintegration (11/24)
Scrolls
 k - 8 scrolls of remove curse
 o - 7 scrolls of identify
 q - 4 scrolls of teleportation
 u - a scroll of brand weapon
 w - 2 scrolls of blinking
Potions
 c - a potion of might
 e - 4 potions of lignification
 f - 3 potions of curing
 h - 2 potions of heal wounds
 i - a potion of magic
 j - a potion of ambrosia {unknown}
 n - 2 potions of flight
 p - 2 potions of degeneration {unknown}
 r - a potion of brilliance {unknown}
Comestibles
 d - 4 bread rations
 g - 2 royal jellies
 x - 2 meat rations


   Skills:
 + Level 5.1 Fighting
 + Level 6.7 Maces & Flails
 + Level 4.2 Dodging
 + Level 6.4 Stealth
 + Level 7.3 Shields


You had 8 spell levels left.
You didn't know any spells.

Dungeon Overview and Level Annotations

Branches:
Dungeon (7/15)             Temple (1/1) D:4

Altars:
Ashenzari
Cheibriados
Dithmenos
Elyvilon
Fedhas
Gozag
Hepliaklqana
Kikubaaqudgha
Makhleb
Nemelex Xobeh
Okawaru
Qazlal
Ru
Sif Muna
Trog
Uskayaw
Vehumet
Xom
Yredelemnul
Zin
The Shining One


Innate Abilities, Weirdness & Mutations

You can breathe wild blasts of lightning.
Your glossy black scales are hard. (AC +7)
You cannot fit into any form of body armour.
You are resistant to electric shocks. (rElec)
You are cold-blooded and may be slowed by cold attacks.


Message History

You feel yourself slow down. The hornet stings you!
You feel as though you will be slow longer.
You block the hornet's attack.
A centaur skeleton comes into view.
You breathe a wild blast of lightning!
The orb of electricity explodes!
The orb of electricity engulfs the ogre.
The ogre is almost dead.
The orb of electricity engulfs the hornet.
The hornet is severely wounded.
The orb of electricity engulfs you! You resist.
You feel somewhat more hungry.
You feel sick.
You hear an angry hiss.
You block the hornet's attack. The ogre closely misses you.
The hornet stings you.
You feel as though you will be slow longer.
You feel sick. You block the hornet's attack. The hornet stings you.
* * * LOW HITPOINT WARNING * * *
You feel as though you will be slow longer.
The ogre hits you with a giant club!!
You die...

#........#
+........#
#........# ..
........# .
........#
#......# .
#########).....##
..#
#....<..@Or......
...
#.......)y..Z....
...
#................
...
###########...###
..# ...# ..[.#
...# ...#


You could see a hornet, an ogre, a quokka and a centaur skeleton.

Vanquished Creatures
  Sigmund (D:4)
  An orc warrior (D:6)
  2 ice beasts (D:5)
  A phantom (D:4)
  4 ogres
  A centaur (D:4)
  A bullfrog (D:6)
  2 scorpions
  2 jellies
  4 crimson imps
  A quasit (D:5)
  8 orc priests
  2 hounds
  8 orc wizards
  A gnoll shaman (D:7)
  2 iguanas
  3 worker ants
  A hound zombie (D:5)
  A hound skeleton (D:4)
  7 gnolls
  A howler monkey skeleton (D:4)
  9 adders
  5 oozes
  An adder zombie (D:6)
  An adder skeleton (D:5)
  A dart slug (D:3)
  6 worms
  5 leopard geckos
  33 orcs
  A ball python (Sewer)
  9 giant cockroaches
  11 goblins
  7 hobgoblins
  24 jackals
  3 quokkas
  13 bats
  9 frilled lizards
  4 kobolds
  2 leopard gecko zombies
  8 rats
  A fungus (D:6)
207 creatures vanquished.

Vanquished Creatures (others)
  7 toadstools (D:1)
7 creatures vanquished.

Grand Total: 214 creatures vanquished

Notes
Turn   | Place    | Note
-------+----------+-------------------------------------------
     0 | D:1      | Rocangus994 the Draconian Fighter began the quest for the Orb.
     0 | D:1      | Reached XP level 1. HP: 19/19 MP: 1/1
   197 | D:1      | Reached XP level 2. HP: 26/26 MP: 2/2
   242 | D:1      | Reached skill level 1 in Stealth
   695 | D:2      | Reached XP level 3. HP: 31/31 MP: 3/3
  1246 | D:2      | Reached XP level 4. HP: 39/39 MP: 4/4
  1826 | D:4      | Noticed a centaur
  1834 | D:4      | Killed a centaur
  1834 | D:4      | Reached skill level 4 in Shields
  1834 | D:4      | Reached XP level 5. HP: 37/45 MP: 5/5
  1927 | D:4      | Found a glowing drain.
  2088 | Sewer    | Entered a sewer
  2234 | Sewer    | Reached XP level 6. HP: 51/51 MP: 6/6
  2786 | D:5      | Entered Level 5 of the Dungeon
  2862 | D:4      | Found a staircase to the Ecumenical Temple.
  3129 | Temple   | Entered the Ecumenical Temple
  3280 | Temple   | Became a worshipper of Trog the Wrathful
  3383 | D:4      | Reached skill level 5 in Shields
  3590 | D:4      | Your scales start taking on a glossy black colour.
  3590 | D:4      | Reached XP level 7. HP: 55/57 MP: 7/7
  3590 | D:4      | Gained mutation: You are resistant to electric shocks. (rElec) [Black Draconian growth]
  3852 | D:3      | Reached * piety under Trog
  4337 | D:3      | Found an iron altar of Okawaru.
  4721 | D:4      | Noticed Sigmund
  4723 | D:4      | Killed Sigmund
  4723 | D:4      | Reached skill level 5 in Maces & Flails
  4946 | D:4      | Found a hide-covered altar of Uskayaw.
  4947 | D:4      | Found a shadowy altar of Dithmenos.
  4963 | D:4      | Reached skill level 6 in Shields
  5099 | D:4      | Reached skill level 5 in Stealth
  5150 | D:5      | Reached XP level 8. HP: 61/64 MP: 8/8
  5427 | D:5      | Reached ** piety under Trog
  6346 | D:6      | Reached skill level 7 in Shields
  6582 | D:6      | Reached XP level 9. HP: 72/72 MP: 9/9
  6953 | D:6      | Reached *** piety under Trog
  7175 | D:7      | Reached skill level 5 in Fighting
  7189 | D:7      | Slain by an ogre

Skill      XL: |  1  2  3  4  5  6  7  8  9 |
---------------+----------------------------+-----
Stealth        | 1 2 3 5 6 |  6.4
Dodging        | 3 4 |  4.2
Maces & Flails | 3 4 5 6 |  6.7
Shields        | 4 5 6 7 |  7.3
Fighting       | 4 5 |  5.1

Action                   |  1- 3 |  4- 6 |  7- 9 || total
-------------------------+-------+-------+-------++-------
Melee: Flail             |    91 |   253 |   341 ||   685
       Tailslap          |     7 |    20 |    35 ||    62
 Abil: Breathe Lightning |       |       |    12 ||    12
  Use: Scroll            |     6 |     2 |     9 ||    17
       Potion            |       |     5 |       ||     5
 Stab: Sleeping          |     1 |     1 |     3 ||     5
  Eat: Chunk             |     1 |     5 |    10 ||    16
       Royal jelly       |       |     1 |       ||     1
       Fruit             |       |     1 |       ||     1
       Bread ration      |       |       |     1 ||     1
Armor: Skin              |    20 |   105 |    85 ||   210
Dodge: Dodged            |    39 |   139 |   139 ||   317
Block: Shield            |    55 |   188 |   202 ||   445
